 Dungeon Crawl Stone Soup version 0.23-a0-239-g84a5ed292d (webtiles) character file.

45 Lepercus the Ruffian (level 3, 0/29 HPs)
             Began as a Demonspawn Chaos Knight on Sept 26, 2018.
             Succumbed to an adder's poison
             ... on level 2 of the Dungeon.
             The game lasted 00:04:47 (1285 turns).

Lepercus the Ruffian (Demonspawn Chaos Knight)      Turns: 1285, Time: 00:04:47

Health: 0/29       AC: 12    Str: 13    XL:     3   Next: 42%
Magic:  0/3        EV:  3    Int: 13    God:    Xom [..*...]
Gold:   58         SH:  0    Dex: 12    Spells: 2/2 levels left

rFire    . . .     SeeInvis .     - Unarmed
rCold    + . .     Gourm    .   (no shield)
rNeg     . . .     Faith    .   e - +0 plate armour
rPois    .         Spirit   +   (helmet restricted)
rElec    .         Reflect  .   k - +0 cloak
rCorr    .         Harm     .   (no gloves)
MR       .....                  (no boots)
Stlth    ..........             (no amulet)
HPRegen  0.09/turn              f - ring of protection from cold
MPRegen  0.08/turn              (no ring)

@: lethally poisoned (0 -> -5)
A: antennae 1, magic shield
a: Renounce Religion


You were on level 2 of the Dungeon.
You worshipped Xom.
You were a toy of Xom.
You were not hungry.

You visited 1 branch of the dungeon, and saw 2 of its levels.

You collected 58 gold pieces.

Inventory:

Armour
 a - a +2 leather armour
 e - a +0 plate armour (worn)
 k - a +0 cloak (worn)
Jewellery
 f - a ring of protection from cold (left hand)
Scrolls
 g - a scroll of blinking
Potions
 c - 2 potions of berserk rage
 d - a potion of curing {unknown}
 h - a potion of flight {unknown}
 j - a potion of lignification {unknown}
Comestibles
 b - 3 rations
 i - 2 chunks of flesh


   Skills:
 + Level 3.4 Fighting
 + Level 2.0 Armour
 + Level 1.1 Dodging
 + Level 3.5 Unarmed Combat


You had 2 spell levels left.
You didn't know any spells.
Your spell library was empty.

Dungeon Overview and Level Annotations

Branches:
Dungeon (2/15)

Altars:


Innate Abilities, Weirdness & Mutations

You have a pair of small antennae on your head.
When hurt, damage is shared between your health and your magic reserves.


Message History

The adder bites you but does no damage.
You hit the adder. You punch the adder.
You kill the adder!
Your Armour skill increases to level 2!
You feel sick. The worm bites you.
Number of times to repeat, then command key: You must enter the number of times for the command to repeat.
You hit the worm but do no damage.
You feel sick. The worm bites you.
* * * LOW HITPOINT WARNING * * *
You hit the worm.
The worm is moderately wounded.
You hit the worm.
The worm is heavily wounded.
The worm bites you.
* * * LOW HITPOINT WARNING * * *
You hit the worm but do no damage.
The worm is moderately wounded.
You die...
Xom bursts into laughter!

#.#
#........
#.#
#########
#.# #.# .
##'#######..
#.$.........
#...........
#...........
#...@w......
#...........
#...........
#.....?.....
#...........
#...........
#...........
#####.......


You could see a worm.

Vanquished Creatures
  2 adders (D:2)
  An ooze (D:1)
  A worm (D:2)
  3 goblins
  3 hobgoblins (D:1)
  6 kobolds (D:1)
  A bat (D:2)
  3 frilled lizards
  A rat (D:1)
21 creatures vanquished.

Notes
Turn   | Place    | Note
-------+----------+-------------------------------------------
     0 | D:1      | Lepercus the Demonspawn Chaos Knight began the quest for
                  | the Orb.
     0 | D:1      | Reached XP level 1. HP: 18/18 MP: 1/1
   239 | D:1      | XOM: silly message
   265 | D:1      | XOM: divination: magic mapping
   269 | D:1      | Gained mutation: You have a pair of small antennae on your
                  | head. [demonic ancestry]
   269 | D:1      | Reached XP level 2. HP: 24/24 MP: 2/2
   872 | D:2      | Reached skill level 1 in Dodging
   872 | D:2      | Gained mutation: When hurt, damage is shared between your
                  | health and your magic reserves. [demonic ancestry]
   872 | D:2      | Reached XP level 3. HP: 19/29 MP: 3/3
   960 | D:2      | XOM: silly message
  1022 | D:2      | XOM: harmless Necr miscast
  1143 | D:2      | XOM: mild Chrm miscast
  1248 | D:2      | XOM: noise
  1284 | D:2      | HP: 1/29 [worm (4)]
  1285 | D:2      | Succumbed to an adder's poison

Vault maps used:
D:1:      dpeg_arrival_snail, minmay_misc_feat_hallway, skrybe_limestone_x,
          item_on_display_a
D:2:      gammafunk_temple_overflow_statue

Skill      XL: |  1  2  3 |
---------------+----------+-----
Unarmed Combat | 3 |  3.5
Dodging        | 1 |  1.1
Armour         | 2 |  2.0
Fighting       | |  3.4

Action                   || total
-------------------------++-------
Melee: Unarmed           ||   116
       Punch             ||     1
  Use: Scroll            ||     6
  Eat: Chunk             ||     1
Armor: Plate armour      ||    54
       Leather armour    ||     4
Dodge: Dodged            ||    18

Table legend:
 A = Non-vault XP
 B = Vault XP
 C = Vault XP percentage of total XP
 D = Non-vault monster count
 E = Vault monster count
 F = Vault count percentage of total count
                 A         B        C        D         E       F
            +---------+---------+-------+---------+---------+-------
      Total |      65 |       0 |   0.0 |      21 |       0 |   0.0
            +---------+---------+-------+---------+---------+-------
        D:1 |      28 |       0 |   0.0 |      14 |       0 |   0.0
        D:2 |      37 |       0 |   0.0 |       7 |       0 |   0.0
            +---------+---------+-------+---------+---------+-------
